Cogmind - Beta 14 @@@ ROGUE MODE // 2025.03.20 @ 09:30:50 Player: Lava Result: Destroyed self via exploding Plasma Injector Performance ------------- Evolutions (0) 0 Regions Visited (2) 400 Robots Destroyed (32) 160 Value Destroyed (666) 666 Prototype IDs (0) 0 Alien Tech Used (0) 0 Bonus (0) 0 TOTAL SCORE: 1226 Bonus ------- None Cogmind --------- Core Integrity 0/250 Matter 191/300 Energy 123/125 System Corruption 2% Temperature Cool (38) Movement Treading (160) Location -10/Mines Parts ------- > --- POWER (1) -------- Light Ion Engine > --- PROPULSION (2) --- Light Treads Light Treads > --- UTILITY (2) ------ Large Storage Unit Light Armor Plating > --- WEAPON (2) ------- Light Assault Rifle Subdweller Machine Gun > --- INVENTORY (15) --- Light Ion Engine Light Ion Engine Light Treads Visual Processing Unit Sensor Array Signal Interpreter Light Armor Plating Light Armor Plating Hacking Suite Battle Rifle Subdweller Machine Gun Grenade Launcher Grenade Launcher Hammer Peak State ------------ > --- POWER ------------ Light Ion Engine > --- PROPULSION ------- Light Treads Light Treads > --- UTILITY ---------- Large Storage Unit Light Armor Plating > --- WEAPON ----------- Light Assault Rifle Subdweller Machine Gun > --- INVENTORY -------- Light Ion Engine Light Ion Engine Light Treads Visual Processing Unit Sensor Array Signal Interpreter Light Armor Plating Light Armor Plating Light Armor Plating Hacking Suite Battle Rifle Subdweller Machine Gun Grenade Launcher Grenade Launcher Hammer [Rating: 10] Favorites ----------- Power Light Ion Engine Engine Light Ion Engine Propulsion Light Treads Treads Light Treads Leg Aluminum Leg Utility Large Storage Unit Device Sensor Array Storage Large Storage Unit Protection Light Armor Plating Weapon Assault Rifle Energy Gun Small Laser Ballistic Gun Assault Rifle Launcher Grenade Launcher Impact Weapon Hammer Build | -11 -10 -10 ------- Run | Yrd Mat Min Slots Evolved . | . . . Power . | . . . Propulsion . | . . . Utility . | . . . Weapon . | . . . Parts Attached 31 | 6 19 6 Power 2 | 1 1 . Engine 2 | 1 1 . Core . | . . . Reactor . | . . . Propulsion 6 | 2 4 . Treads 4 | 2 2 . Leg 2 | . 2 . Wheel . | . . . Hover . | . . . Flight . | . . . Utility 9 | 1 7 1 Device 1 | . 1 . Storage 4 | 1 3 . Processor . | . . . Hackware . | . . . Protection 4 | . 3 1 Artifact . | . . . Weapon 14 | 2 7 5 Energy Gun 1 | 1 . . Energy Cannon . | . . . Ballistic Gun 9 | 1 5 3 Ballistic Cannon . | . . . Launcher 2 | . . 2 Special Weapon . | . . . Impact Weapon 2 | . 2 . Slashing Weapon . | . . . Piercing Weapon . | . . . Special Melee Weapon . | . . . Unidentified Prototypes . | . . . Parts Lost 7 | . 6 1 Power 1 | . 1 . Propulsion 3 | . 3 . Utility 1 | . . 1 Weapon 2 | . 2 . Highest Loss Streak 3 | . 3 1 To Critical Strikes . | . . . Average Slot Usage (%) 94 | . 93 99 Engine 14 | . 14 14 Treads 21 | . 20 28 Leg 2 | . 3 . Storage 14 | . 14 14 Protection 12 | . 12 13 Energy Gun 3 | . 3 . Ballistic Gun 23 | . 23 25 Peak Build Rating 10 | 6 10 10 Average Rating 7 | 4 7 9 On Entrance 5 | . 6 10 Naked Turns . | . . . Heaviest Build 32 | 13 31 32 Greatest Support 40 | 40 40 40 Greatest Overweight (x) 3 | 1 3 . Average Overweight (x) . | . . . Largest Inventory Capacity 25 | 8 25 15 Average Capacity 13 | 7 13 15 Most Carried 15 | 7 15 15 Average Carried 12 | 3 11 14 Final Capacity 15 | 8 15 15 Final Carried 15 | 6 15 14 Class Distribution -------------------- 100% | Mutant Dominant Class ---------------- Mutant | -10/Materials Mutant | -10/Mines Resources | -11 -10 -10 ----------- Run | Yrd Mat Min Matter Collected 827 | 209 540 78 Remotely . | . . . Salvage Created 748 | . 602 146 Parts 67 | . 50 17 Haulers Intercepted . | . . . Recyclers Shooed . | . . . Parts Field Recycled . | . . . Retrieved Matter . | . . . Parts Self-Destructed . | . . . Prevented . | . . . Kills | -11 -10 -10 ------- Run | Yrd Mat Min Combat Hostiles Destroyed 25 | . 17 8 Guns 23 | . 17 6 AOE 2 | . . 2 Classes Destroyed 9 | . 7 2 Worker 1 | . . 1 Builder 2 | . 1 1 Recycler 1 | . 1 . Operator 1 | . 1 . Watcher 2 | . 2 . Swarmer 14 | . 9 5 Grunt 8 | . 6 2 Demolisher 1 | . . 1 Subdweller 2 | . 2 . Best Kill Streak 4 | . 4 3 Combat Bots Only 3 | . 3 3 Max Kills in Single Turn 1 | . 1 1 Gunslinging . | . . . Exploded 1 | . . 1 Melee . | . . . Uniques/NPCs Destroyed . | . . . Combat | -11 -10 -10 -------- Run | Yrd Mat Min Hostile Shots Fired 155 | . 120 35 Missed 39 | . 33 6 Damage Taken 1594 | . 1088 506 Core 264 | . 149 115 Absorbed by Shields . | . . . Redirected to Shielding 25 | . 25 . Core Remaining (%) 100 | 100 . . Volleys Fired 82 | . 64 18 Largest 2 | . 2 2 Hottest 60 | . 60 60 Shots Fired 166 | . 130 36 Gun 162 | . 130 32 Cannon . | . . . Launcher 4 | . . 4 Special . | . . . Kinetic 148 | . 116 32 Thermal 14 | . 14 . Explosive 4 | . . 4 Electromagnetic . | . . . Robot Hit Streak 13 | . 13 7 Robot Miss Streak 3 | . 3 3 Penetration Max . | . . . Secondary Targets 2 | . 2 . Max Gunslinging Chain 1 | . 1 . Shots Hit Robots 100 | . 81 19 Core Hits 46 | . 34 12 Critical Kills . | . . . Critical Parts Destroyed . | . . . Critical Strikes . | . . . Melee Attacks 4 | . 4 . Impact 4 | . 4 . Slashing . | . . . Piercing . | . . . Sneak Attacks . | . . . Combat Hostiles . | . . . Follow-up Attacks . | . . . Damage Inflicted 1486 | . 1008 478 Guns 1286 | . 1005 281 Cannons . | . . . Explosions 174 | . . 174 Melee . | . . . Ramming 26 | . 3 23 Kinetic 1179 | . 898 281 Thermal 210 | . 107 103 Explosive 71 | . . 71 Electromagnetic . | . . . Impact . | . . . Slashing . | . . . Piercing . | . . . Highest Corruption 2 | . 2 2 Average Corruption 2 | . 2 2 Corruption Purged . | . . . Corruption Blocked . | . . . Effects 25 | . 15 10 Message Errors 6 | . 3 3 Matter Fused 8 | . 5 3 Heat Flow Errors 3 | . 1 2 Energy Discharges 2 | . 1 1 Data Loss (minor) 1 | . 1 . Data Loss (major) 2 | . 1 1 Misfires 3 | . 3 . Overload Shots . | . . . Overflow Damage 43 | . . 43 Projectiles . | . . . Explosions 43 | . . 43 Melee . | . . . Knockbacks . | . . . Impact . | . . . Kinetic . | . . . Secondary . | . . . Self-Inflicted Damage 175 | . . 175 Shots 5 | . . 5 Rammed 2 | . 1 1 Targets Rammed 5 | . 3 2 Kicked 1 | . 1 . Crushed 2 | . 1 1 Highest Temperature 269 | . 269 240 Average Temperature 47 | . 39 54 Received Heat Transfer 243 | . 186 57 Siege Activations . | . . . Robots Corrupted . | . . . Combat Hostiles . | . . . Parts Fried . | . . . Impact Corruptions . | . . . Robots Melted . | . . . Combat Hostiles . | . . . Parts Melted 1 | . 1 . Heat Transferred 350 | . 250 100 Parts Sabotaged . | . . . Parts Stolen . | . . . Parts Stripped . | . . . Power Chain Reactions . | . . . Alert | -11 -10 -10 ------- Run | Yrd Mat Min Peak Influence 212 | . 137 212 Initial 16 | . . 16 Average 53 | . 37 129 Maximum Alert Level 1 | . . 1 Low Security (%) 99 | 100 100 96 Level 1 . | . . 3 Level 2 . | . . . Level 3 . | . . . Level 4 . | . . . Level 5 . | . . . High Security . | . . . Max Security . | . . . Squads Dispatched 2 | . 2 . Investigation 1 | . 1 . Extermination . | . . . Reinforcement 1 | . 1 . Assault . | . . . Garrison . | . . . Intercept . | . . . Searches Triggered . | . . . Construction Impeded . | . . . Haulers Reinforced . | . . . Active Scanning Responses . | . . . Cargo Convoy Interrupts . | . . . Stealth | -11 -10 -10 --------- Run | Yrd Mat Min Distress Signals . | . . . Communications Jammed . | . . . Distress Signals . | . . . Times Spotted 35 | . 25 10 Peak Tracking Total 3 | . 3 3 Tactical Retreats 3 | . 2 1 Traps | -11 -10 -10 ------- Run | Yrd Mat Min Traps Triggered 2 | . 2 . Indirectly . | . . . Trap Hack Attempts . | . . . Triggered . | . . . Disarmed 6 | . 6 . Reprogrammed . | . . . Reused . | . . . Traps Extracted . | . . . Installed . | . . . Triggered . | . . . Machines | -11 -10 -10 ---------- Run | Yrd Mat Min Machines Disabled 3 | . 1 2 Max in Single Turn 2 | . 1 2 Machines Repaired . | . . . Machines Dismantled . | . . . Machines Sabotaged . | . . . Overloaded Fab Kills . | . . . Hacking | -11 -10 -10 --------- Run | Yrd Mat Min Machines Accessed 6 | . 6 . Terminals 6 | . 6 . Fabricators . | . . . Repair Stations . | . . . Recycling Units . | . . . Scanalyzers . | . . . Garrison Access . | . . . Total Hacks 14 | . 14 . Successful 4 | . 4 . Failed 10 | . 10 . Catastrophic 1 | . 1 . Database Lockouts . | . . . Manual 4 | . 4 . Terminals 14 | . 14 . Fabricators . | . . . Repair Stations . | . . . Recycling Units . | . . . Scanalyzers . | . . . Garrison Access . | . . . Terminal Hacks 4 | . 4 . Terminal Index 1 | . 1 . Disarm Traps 1 | . 1 . Hauler Manifests 2 | . 2 . Fabricator Hacks . | . . . Repair Station Hacks . | . . . Recycling Unit Hacks . | . . . Scanalyzer . | . . . Garrison Access Hacks . | . . . Unauthorized Hacks . | . . . Terminals . | . . . Fabricators . | . . . Repair Stations . | . . . Recycling Units . | . . . Scanalyzers . | . . . Garrison Access . | . . . Data Cores Recovered . | . . . Used . | . . . Hacking Detections 6 | . 6 . Full Trace Events 1 | . 1 . Feedback Events . | . . . Feedback Blocked . | . . . Robot Schematics Acquired . | . . . Robots Built . | . . . Authchips . | . . . Time . | . . . Total Robot Build Rating . | . . . Part Schematics Acquired . | . . . Parts Built . | . . . Authchips . | . . . Time . | . . . Total Part Build Rating . | . . . Parts Repaired . | . . . Time . | . . . Parts Recycled . | . . . Recycled Matter . | . . . Retrieved Matter . | . . . Retrieved Components . | . . . Parts Scanalyzed . | . . . Part Schematics Acquired . | . . . Parts Damaged . | . . . Bothacking | -11 -10 -10 ------------ Run | Yrd Mat Min Used RIF Installer . | . . . Robots Hacked . | . . . Non-combat . | . . . Combat . | . . . Robot Hacks Applied . | . . . Relay Couplers Released . | . . . Fabnet Peak Effective % . | . . . Robots Rewired . | . . . Allies Hacked . | . . . Hacks Repelled . | . . . Allies | -11 -10 -10 -------- Run | Yrd Mat Min Total Allies . | . . . Largest Group . | . . . Highest-Rated Group . | . . . Highest-Rated Ally . | . . . Total Orders . | . . . Ally Attacks . | . . . Total Damage . | . . . Kills . | . . . Allies Corrupted . | . . . Allies Melted . | . . . Intel | -11 -10 -10 ------- Run | Yrd Mat Min Robot Analysis Total . | . . . Derelict Logs Recovered 1 | . . 1 Drone Launches . | . . . Drone Recoveries . | . . . Exploration | -11 -10 -10 ------------- Run | Yrd Mat Min Turns Passed 2551 | 85 1989 477 Spaces Moved 1186 | 48 885 253 Core 13 | 13 . . Treads 1119 | 35 831 253 Legs 54 | . 54 . Wheels . | . . . Hover . | . . . Flight . | . . . Fastest Speed 50 | 50 160 160 Average Speed 181 | 141 190 160 Slowest Speed 330 | 160 330 160 Overloaded Moves . | . . . Propulsion Burnouts . | . . . Robots Hopped . | . . . Cave-ins Triggered . | . . . Exploration Rate (%) 52 | 4 97 55 Regions Visited 2 Branch Regions 1 Pre-discovered Areas . | . . . Known Exits Taken . | . . . Unknown Exits Taken 2 | 1 1 . Scrap Searched . | . . . Spaces Dug 4 | . 4 . Terrain Destroyed 42 | . 4 38 Melee 4 | . 4 . Projectile 1 | . . 1 AOE 37 | . . 37 Terrain Rammed . | . . . Walls Destroyed . | . . . Machines Disabled . | . . . Actions | -11 -10 -10 --------- Run | Yrd Mat Min Total 1414 | 65 1057 292 Wait 61 | . 49 12 Move 1184 | 47 884 253 Hop . | . . . Pick Up 35 | 12 23 . Fast Attach 2 | . 2 . Attach 12 | 6 5 1 Detach . | . . . Swap 17 | . 12 5 Drop 12 | . 11 1 Fire 82 | . 64 18 Melee 4 | . 4 . Ram . | . . . Kick 1 | . 1 . Crush 4 | . 2 2 Escape Stasis . | . . . Rewire . | . . . Trap . | . . . Miscellaneous . | . . . Route ------- -11/Scrapyard -10/Materials (discovered 4 exits: [*Mat x3] / [*Min]) -10/Mines History --------- Turn | Location | Event 31 | -11/Scrapyard | Discovered new exit (range 15) 86 | -11/Scrapyard | Entered Materials 322 | -10/Materials | Build established: Mutant 489 | -10/Materials | Discovered new exit (range 13) 808 | -10/Materials | Lost 3 parts (1p1n1w) 1009 | -10/Materials | Discovered new exit (range 13) 1086 | -10/Materials | Derelicts attacked the area 1387 | -10/Materials | Core integrity fell below 50% 1843 | -10/Materials | Discovered new exit (range 15) 2051 | -10/Materials | Discovered new exit (range 16) 2075 | -10/Materials | Entered Mines 2113 | -10/Mines | Learned Materials security intel 2282 | -10/Mines | Assembled infested the area 2455 | -10/Mines | Core integrity fell below 20% 2552 | -10/Mines | Destroyed self via exploding Plasma Injector Last Messages --------------- 02468_ The unstable cave ceiling collapses. 02478_ T-07 Excavator is excavating. 02493_ U-05 Engineer lays Concrete. 02494_ The unstable cave ceiling collapses. 02494_ U-05 Engineer lays Concrete. 02496_ U-05 Engineer builds a Wall. 02498_ The unstable cave ceiling collapses. 02500_ U-05 Engineer lays Concrete. 02507_ U-05 Engineer builds a Wall. 02511_ U-05 Engineer lays Concrete. 02513_ Slammed into T-07 Excavator. 02514_ U-05 Engineer builds a Wall. 02517_ U-05 Engineer lays Concrete. 02530_ System corrupted: Energy discharge (-37). 02546_ S-10 Pest destroyed. 02552_ Plasma Injector explodes. 02552_ Destroyed Lgt. Ion Engine. 02552_ Destroyed Flight Unit. 02552_ S-10 Pest destroyed. 02552_ Plasma Injector explodes. Map ----- +----------------------------------------------------+ | | | | | | | | | | | | | | | | | | | | | | | ????????????????????????????????????????? | | ????????????????????????????????????????? | | ????????????????????????????????????????? | | ????????????????????????????????????????? | | ??????????????????????????????########### | | ??????????????????????????????# # | | ???????????????????????????????# # | | ???????????????????????????????# ##### # | | ???????????????????????????????##?## | | ?????????????###############??????# | | ?????????????# #??????# | | ????????????## """ """ #??????### | | ????????????#; """ """ #??????# | | ????????????#; """ """ #??????# # | | ????????????#;*s@ #??????# | | ???????????# ; * """ """ ######### # | | ???????????# ; """ """ | | ???????????##; """ """ ########### # | | ????????????#; #????????## # | | ????????????## """ """ """ #?????????# # | | ?????????????# """ """ """ #?????????# | | ?????????????# """ """ """ #?????????# # | | ?????????????# #????????? # | | ?????????????# #????????? | | ?????????????# ?? ? ?????????? | | ?????????????????## ###?##????????? # | | ??????????????????? ??????????????? # | | ??????????????????? ??????????????? # | | ??????????????????? ??????????????? ## | | ??????????????????? ????????????????? #?? | | ????????????????????????????????????? ??? | | ????????????????????????????????????? ??? | | ????????????????????????????????????????? | | ????????????????????????????????????????? | | ????????????????????????????????????????? | | ????????????????????????????????????????? | | ????????????????????????????????????????? | | ????????????????????????????????????????? | | ????????????????????????????????????????? | +----------------------------------------------------+ Best States ------------- Heat Dissipation 25 Energy Generation 10 Energy Capacity 250 Matter Stores 300 Matter Capacity 300 Sight Range 16 Terrain Scan Density 10 Armor Coverage 150 Power Shielding 33 Evasion (%) 40 Recoil Reduction 2 Item Schematics ----------------- None Robot Schematics ------------------ None Fabricated ------------ Nothing Alien Tech Used ----------------- None Achievements -------------- None Challenges ------------ None Game ------ Seed QuantumMomentumDesublimator Manual? 0 Play Time 00:16:05 Cumulative 23.1 hours Start 2025.03.20 @ 09:16:59 End 2025.03.20 @ 09:30:50 Sessions 1 Manual Loads 0 Difficulty Rogue Special Mode None Game No. 37 Rogue 37 Adventurer 0 Explorer 0 Win Type - Total 0 Types 0/0/0/0/0/0/0/0/0 Lore% 12 Gallery% 23 Achievement% 21 Wizard Run 0 Options --------- Layout 1 ASCII 0 Keyboard 0 Movement Mouse Keybinds 0 Fullscreen 1 Font 32/SmallcapsGlow Map View 50x40 Zoom Use 0% Tactical HUD 1 Map Filters NONE Filters NONE Steam 1 RUN: e6003377-e622-4d40-89b7-06844d5a0163